 Dungeon Crawl Stone Soup version 0.26-a0-259-g1effd001a9 (webtiles) character file.

Game seed: 4661406829529377073

659 mortelune the Chopper (level 7, -1/56 HPs)
             Began as a Formicid Abyssal Knight on July 11, 2020.
             Was a Believer of Lugonu.
             Slain by an orc warrior
             ... wielding a +0 war axe
              (5 damage)
             ... on level 6 of the Dungeon.
             The game lasted 00:07:56 (6153 turns).

mortelune the Chopper (Formicid Abyssal Knight)     Turns: 6153, Time: 00:07:56

Health: -1/56      AC:  7    Str: 19    XL:     7   Next: 86%
Magic:  8/8        EV: 15    Int: 11    God:    Lugonu [**....]
Gold:   239        SH:  0    Dex: 10    Spells: 6/6 levels left

rFire    + . .     SeeInvis +   a - +1 hand axe
rCold    . . .     Faith    .   (no shield)
rNeg     . . .     Spirit   .   u - +3 leather armour {MR+}
rPois    .         Reflect  .   (helmet unavailable)
rElec    .         Harm     .   (no cloak)
rCorr    .                      r - +0 pair of gloves
MR       +....                  (no boots)
Stlth    +.........             (no amulet)
HPRegen  0.18/turn              F - ring of protection from fire
MPRegen  0.11/turn              A - +4 ring of evasion

@: studying Hexes
A: permanent stasis, dig shafts and tunnels, four strong arms, antennae 3
a: Dig, Shaft Self, Depart the Abyss, Bend Space, Renounce Religion


You were on level 6 of the Dungeon.
You worshipped Lugonu.
Lugonu was pleased with you.
You were not hungry.

You visited 1 branch of the dungeon, and saw 6 of its levels.
You visited the Abyss 1 time.

You collected 239 gold pieces.

Inventory:

Hand Weapons
 a - a +1 hand axe (weapon)
Missiles
 d - 6 curare-tipped darts (quivered)
 z - 2 javelins
Armour
 b - a +0 leather armour
 l - a +0 chain mail
 n - a +1 ring mail of fire resistance
 q - a +0 plate armour
 r - a +0 pair of gloves (worn)
 u - a +3 leather armour of magic resistance (worn)
Jewellery
 A - a +4 ring of evasion (right hand)
 F - a ring of protection from fire (left hand)
Wands
 m - a wand of random effects (47)
 o - a wand of acid (4)
Scrolls
 h - 2 scrolls of amnesia {unknown}
 i - a scroll of identify
 t - 4 scrolls of teleportation
 w - a scroll of immolation {unknown}
 y - a scroll of remove curse
Potions
 e - a potion of lignification
 g - a potion of heal wounds
 j - a potion of invisibility {unknown}
 k - 3 potions of flight
 p - 2 potions of resistance
 s - a potion of might {unknown}
 v - a potion of haste {unknown}
 x - a potion of ambrosia {unknown}
Books
 f - a manual of Hexes
Comestibles
 c - 5 rations


   Skills:
 + Level 5.3 Fighting
 * Level 6.0 Axes
 + Level 4.8 Armour
 - Level 0.8 Dodging
 - Level 2.1 Invocations


You had 6 spell levels left.
You didn't know any spells.
Your spell library contained the following spells:

 Spells                   Type           Power        Failure   Level
 Foxfire                  Conj/Fire      #...         38%         1
 Shroud of Golubria       Chrm/Tloc      #.....       52%         2
 Inner Flame              Hex/Fire       #.......     77%         3
 Starburst                Conj/Fire      #.........   100%        6
 Ignition                 Fire           #.........   100%        8


Dungeon Overview and Level Annotations

Branches:
Dungeon (6/15)             Temple (0/1) D:6

Altars:
Elyvilon
Makhleb
Nemelex Xobeh


Innate Abilities, Weirdness & Mutations

You cannot be hasted, slowed, berserked, paralysed or teleported.
You can dig through walls and to a lower floor.
Your four strong arms can wield two-handed weapons with a shield.
You have a pair of large antennae on your head. (SInv)


Message History

The orc priest hits you but does no damage.
You barely miss the orc priest.
The orc priest is almost dead.
You closely miss the orc warrior.
The orc warrior hits you with a +0 war axe!
The orc priest hits you.
You hit the orc priest.
You kill the orc priest!
Lugonu accepts your kill.
Your Axes skill increases to level 6!
You hit the orc warrior.
The orc warrior hits you with a +0 war axe!
You hit the orc warrior.
The orc warrior is moderately wounded.
The orc warrior hits you with a +0 war axe!!
* * * LOW HITPOINT WARNING * * *
You closely miss the orc warrior.
The orc warrior is moderately wounded.
The orc warrior hits you with a +0 war axe.
You die...

..........
..>.......
.......#######+#####
#...##.............#
#...##.............#
.......#...........#
.......# ..........#
.......# ......[o..#
..###..# #@.########
..####+####
##.)........
...........
+....#......
...........
#....'......
...........
#....#.....
...........
#.)..#.....
........... #....#
....
...##...########.###
...
...####+###...##.##
###


You could see an orc warrior.

Vanquished Creatures
  Duvessa (D:5)
  A black bear (D:6)
  A bullfrog (D:6)
  Dowan (D:4)
  A hound (D:5)
  2 orc priests
  An orc wizard (D:4)
  Ijyb (D:4)
  Natasha (D:3)
  A worker ant zombie (D:5)
  6 adders
  A white imp (D:3)
  An ufetubus (D:5)
  An ooze (D:3)
  3 worms
  4 dart slugs
  2 leopard geckos
  5 orcs
  4 giant cockroaches
  5 goblins
  5 hobgoblins
  7 jackals
  A quokka (D:4)
  A ball python (D:3)
  5 bats
  4 frilled lizards
  A giant cockroach zombie (D:5)
  10 kobolds
  2 leopard gecko skeletons
  7 rats
86 creatures vanquished.

Notes
Turn   | Place    | Note
-------+----------+-------------------------------------------
     0 | Abyss:1  | mortelune the Formicid Abyssal Knight began the quest for
                  | the Orb.
     0 | Abyss:1  | Reached XP level 1. HP: 18/18 MP: 2/2
    53 | Abyss:1  | Noticed a small abomination
    54 | D:1      | Escaped the Abyss
    69 | D:1      | Noticed a spriggan
    71 | D:1      | Noticed a human
    73 | D:1      | Noticed a gargoyle
    73 | D:1      | Noticed a troll
    75 | D:1      | Noticed a dwarf
    75 | D:1      | Noticed a merfolk
    77 | D:1      | Noticed a tengu
    79 | D:1      | Noticed a naga
    81 | D:1      | Noticed an octopode
    83 | D:1      | Noticed a vampire
    83 | D:1      | Noticed a halfling
    85 | D:1      | Noticed a felid
    85 | D:1      | Noticed a demigod
    87 | D:1      | Noticed an ogre
    87 | D:1      | Noticed a demonspawn
    89 | D:1      | Noticed a centaur
    89 | D:1      | Noticed a draconian
    91 | D:1      | Noticed a formicid
    91 | D:1      | Noticed a ghoul
    93 | D:1      | Noticed a vine stalker
    95 | D:1      | Noticed an elf
    95 | D:1      | Noticed a minotaur
   145 | D:1      | Reached * piety under Lugonu
   713 | D:1      | Reached XP level 2. HP: 24/24 MP: 3/3
  1226 | D:1      | Reached XP level 3. HP: 25/29 MP: 4/4
  1449 | D:2      | Reached skill level 3 in Axes
  1502 | D:2      | Reached XP level 4. HP: 37/37 MP: 5/5
  1590 | D:2      | Found a white marble altar of Elyvilon.
  2280 | D:3      | Found a sparkling altar of Nemelex Xobeh.
  2310 | D:3      | Noticed Natasha
  2317 | D:3      | Reached ** piety under Lugonu
  2317 | D:3      | Reached XP level 5. HP: 32/42 MP: 6/6
  2320 | D:3      | Killed Natasha
  2690 | D:4      | Reached skill level 4 in Axes
  3569 | D:5      | Entered Level 5 of the Dungeon
  3578 | D:4      | Reached XP level 6. HP: 25/49 MP: 7/7
  3782 | D:5      | Noticed Duvessa
  3784 | D:5      | Noticed Dowan
  3784 | D:5      | Noticed Ijyb
  3786 | D:5      | Found a burning altar of Makhleb.
  3829 | D:4      | Killed Ijyb
  4312 | D:5      | Killed Duvessa
  4312 | D:5      | Reached skill level 5 in Axes
  4312 | D:5      | Reached XP level 7. HP: 22/55 MP: 8/8
  4319 | D:4      | Killed Dowan
  4319 | D:4      | Reached skill level 5 in Fighting
  5900 | D:6      | Identified the Disquisition on Burning Enhancements
  5905 | D:6      | Found a staircase to the Ecumenical Temple.
  6151 | D:6      | Reached skill level 6 in Axes
  6153 | D:6      | Slain by an orc warrior

Illustrated notes

Levels and vault maps discovered:
D:1:      kb_arrival_jail, layout_basic
D:2:      layout_loops_cross, first_ration, elyvilon_altar_3
D:3:      layout_rooms, nemelex_lonely_heart_becter, uniq_natasha
D:4:      layout_basic, minmay_manual_mess, uniq_crazy_yiuf_cottage
D:5:      layout_basic, lemuel_crystal_altar, uniq_duvessa, uniq_ijyb
D:6:      layout_gridville, minmay_temple_entry_stoned_glass,
          kennysheep_small_circle, uniq_edmund

Skill      XL: |  1  2  3  4  5  6  7 |
---------------+----------------------+-----
Axes           | 3 4 5 6 |  6.0
Armour         | 3 4 |  4.8
Fighting       | 4 5 |  5.3
Dodging        | |  0.8
Invocations    | |  2.1

Action                   |  1- 3 |  4- 6 |  7- 9 || total
-------------------------+-------+-------+-------++-------
Melee: Hand axe          |    97 |   212 |    83 ||   392
Throw: Dart              |       |     1 |       ||     1
Invok: Depart the Abyss  |     1 |       |       ||     1
  Use: Potion            |       |     2 |       ||     2
       Scroll            |       |     7 |       ||     7
  Eat: Ration            |     1 |     2 |     2 ||     5
Armor: Leather armour    |    17 |       |    32 ||    49
       Chain mail        |    36 |     5 |       ||    41
       Ring mail         |       |    69 |       ||    69
       Skin              |       |    23 |       ||    23
       Plate armour      |       |    58 |     8 ||    66
Dodge: Dodged            |    58 |   118 |    56 ||   232

Table legend:
 A = Non-vault XP
 B = Vault XP
 C = Vault XP percentage of total XP
 D = Non-vault monster count
 E = Vault monster count
 F = Vault count percentage of total count
                 A         B        C        D         E       F
            +---------+---------+-------+---------+---------+-------
      Total |     632 |     310 |  32.9 |      80 |       6 |   7.0
            +---------+---------+-------+---------+---------+-------
        D:1 |      32 |       0 |   0.0 |      22 |       0 |   0.0
        D:2 |      57 |       0 |   0.0 |      15 |       0 |   0.0
        D:3 |      51 |      35 |  40.7 |      19 |       1 |   5.0
        D:4 |     125 |     133 |  51.6 |       9 |       4 |  30.8
        D:5 |     100 |     142 |  58.7 |      11 |       1 |   8.3
        D:6 |     267 |       0 |   0.0 |       4 |       0 |   0.0
            +---------+---------+-------+---------+---------+-------
